 Dungeon Crawl Stone Soup version 0.21-a0-41-g5e91fef (webtiles) character file.

49 tilp the Firebug (level 3, 0/26 HPs)
             Began as a Draconian Fire Elementalist on June 3, 2017.
             Slain by Sigmund
             ... wielding a +0 scythe
              (6 damage)
             ... on level 2 of the Dungeon.
             The game lasted 00:05:32 (2116 turns).

tilp the Firebug (Draconian Fire Elementalist)      Turns: 2116, Time: 00:05:33

Health: 0/26       AC:  6    Str: 10    XL:     3   Next: 51%
Magic:  7/7        EV: 12    Int: 16    God:
Gold:   54         SH:  0    Dex: 11    Spells: 6/7 levels left

rFire    . . .     SeeInvis .   m - +2 dagger (venom)
rCold    . . .     Gourm    .   (no shield)
rNeg     . . .     Faith    .   (armour unavailable)
rPois    .         Spirit   .   (helmet restricted)
rElec    .         Reflect  .   (no cloak)
rCorr    .         Harm     .   o - +0 pair of gloves
MR       .....                  (no boots)
Stlth    ++........             (no amulet)
Regen    0.1/turn               (no ring)
MPRegen  0.1/turn               (no ring)

@: no status effects
A: unfitting armour, cold-blooded, AC +5
a: no special abilities


You were on level 2 of the Dungeon.
You were not hungry.

You visited 1 branch of the dungeon, and saw 2 of its levels.

You collected 54 gold pieces.

Inventory:

Hand Weapons
 c - a +0 mace
 m - a +2 dagger of venom (weapon)
Missiles
 g - 2 tomahawks of returning (quivered)
Armour
 o - a +0 pair of gloves (worn)
Jewellery
 l - an uncursed ring of resist corrosion {unknown}
Scrolls
 e - a scroll of teleportation {unknown}
 i - a scroll of enchant armour {unknown}
 j - 3 scrolls of random uselessness {unknown}
 k - 2 scrolls of identify {unknown}
Potions
 d - 3 potions of brilliance {unknown}
 h - 3 potions of degeneration {unknown}
 n - a potion of flight {unknown}
Books
 a - a book of Flames

   Spells                             Type                      Level
   a - Flame Tongue                   Conjuration/Fire             1
   b - Throw Flame                    Conjuration/Fire             2
   c - Conjure Flame                  Conjuration/Fire             3
   d - Inner Flame                    Hexes/Fire                   3
   e - Sticky Flame                   Conjuration/Fire             4
   f - Fireball                       Conjuration/Fire             5
Comestibles
 b - a bread ration
 f - 7 chunks of flesh


   Skills:
 * Level 1.1 Short Blades
 - Level 1.7 Dodging
 - Level 1.7 Stealth
 * Level 2.9 Spellcasting
 - Level 1.0 Conjurations
 + Level 3.6 Fire Magic


You had 6 spell levels left.
You knew the following spells:

 Your Spells              Type           Power        Failure   Level  Hunger
a - Flame Tongue          Conj/Fire      #....        8%          1    #......


Dungeon Overview and Level Annotations

Branches:
Dungeon (2/15)

Altars:
Dithmenos
Nemelex Xobeh

Annotations:
D:2 Sigmund


Innate Abilities, Weirdness & Mutations

Your plain brown scales are hard. (AC +5)
You cannot fit into any form of body armour.
You are cold-blooded and may be slowed by cold attacks.


Message History

Confirm with . or Enter, or press ? or * to list all spells.
Okay, then.
Memorise Throw Flame, consuming 2 spell levels and leaving 4?
Something barely misses you.
You start memorising the spell.
You continue memorising. x2
You hear some strange, mumbled words.
Your memorisation is interrupted.
Something tries to affect you, but you resist.
Casting: Flame Tongue
Confirm with . or Enter, or press ? or * to list all spells.
Okay, then.
Something hits you!
You closely miss something. Something hits you but does no damage.
You hit something. You barely miss something. Something barely misses you.
You miss something. Something hits you.
* * * LOW HITPOINT WARNING * * *
You miss something. You tail-slap something. You hit something.
Something hits you.
You die...

##### #####
#...###########...#########
#
#..('....†.{..'....).......
.
#...########@##....########
# ###)# #.##....# ...
#.##....# #.{.. #.##....#
#....# #.#####.# #..... #.#
#.# ######## #....## #.#
#.# #....... #....# #.# #.#
#....... #.# #.# #.......


There were no monsters in sight!

Vanquished Creatures
  An ooze (D:2)
  A worm (D:2)
  2 leopard geckos (D:2)
  7 goblins (D:1)
  3 hobgoblins
  11 kobolds
  A quokka (D:2)
  A ball python (D:1)
  5 bats
  2 frilled lizards (D:1)
  3 rats
37 creatures vanquished.

Notes
Turn   | Place    | Note
-------+----------+-------------------------------------------
     0 | D:1      | tilp the Draconian Fire Elementalist began the quest for the Orb.
     0 | D:1      | Reached XP level 1. HP: 14/14 MP: 3/3
   442 | D:1      | Reached XP level 2. HP: 5/20 MP: 3/5
  1717 | D:1      | Found a sparkling altar of Nemelex Xobeh.
  1862 | D:2      | Reached XP level 3. HP: 26/26 MP: 7/7
  1901 | D:2      | Found a sparkling altar of Nemelex Xobeh.
  1921 | D:2      | Found a shadowy altar of Dithmenos.
  2021 | D:2      | Reached skill level 1 in Short Blades
  2086 | D:2      | Noticed Sigmund
  2116 | D:2      | Slain by Sigmund

Vault maps used:
D:1:      dpeg_arrival_refuge, nemelex_diamond_rough_becter
D:2:      nemelex_altar_shiori, nicolae_dithmenos_through_a_glass_darkly,
          uniq_sigmund

Skill      XL: |  1  2  3 |
---------------+----------+-----
Short Blades   | 1 |  1.1
Dodging        | |  1.7
Stealth        | |  1.7
Spellcasting   | |  2.9
Conjurations   | |  1.0
Fire Magic     | |  3.6

Action                   || total
-------------------------++-------
Melee: Mace              ||    40
       Tailslap          ||     8
       Dagger            ||    60
 Cast: Flame Tongue      ||    11
 Stab: Sleeping          ||     6
  Eat: Chunk             ||     4
Armor: Skin              ||    43
Dodge: Dodged            ||    68
